Cogmind - Beta 13 @@@ ROGUE MODE // 2024.05.13 @ 13:34:16 Player: H3-RMN Result: Destroyed self via exploding Nuclear Reactor Performance ------------- Evolutions (0) 0 Regions Visited (1) 200 Robots Destroyed (26) 130 Value Destroyed (487) 487 Prototype IDs (0) 0 Alien Tech Used (0) 0 Bonus (0) 0 TOTAL SCORE: 817 Bonus ------- None Cogmind --------- Core Integrity 0/250 Matter 288/300 Energy 250/250 System Corruption 0% Temperature Cool (0) Movement Rolling (110) Ox2 Location -10/Materials Parts ------- > --- POWER (1) -------- Ion Engine > --- PROPULSION (2) --- Light Treads Wheel > --- UTILITY (2) ------ Medium Storage Unit Seismic Detector > --- WEAPON (2) ------- Beam Rifle Grenade Launcher > --- INVENTORY (10) --- Light Treads Wheel High-capacity Matter Pod (0) Transport Network Coupler Hardened Light Armor Plating Hardened Light Armor Plating Hardened Light Armor Plating Assault Rifle Grenade Launcher Datajack Peak State ------------ > --- POWER ------------ Ion Engine > --- PROPULSION ------- Light Treads Wheel > --- UTILITY ---------- Medium Storage Unit Seismic Detector > --- WEAPON ----------- Beam Rifle Assault Rifle > --- INVENTORY -------- Light Treads Compact Wheel High-capacity Matter Pod Transport Network Coupler Hardened Light Armor Plating Small Laser Grenade Launcher Grenade Launcher Datajack [Rating: 9] Favorites ----------- Power Ion Engine Engine Ion Engine Propulsion Light Treads Treads Light Treads Wheel Wheel Utility Seismic Detector Device Seismic Detector Storage Small Storage Unit Weapon Assault Rifle Energy Gun Small Laser Ballistic Gun Assault Rifle Launcher Grenade Launcher Special Melee Weapon Datajack Build | -11 -10 ------- Run | Yrd Mat Slots Evolved . | . . Power . | . . Propulsion . | . . Utility . | . . Weapon . | . . Parts Attached 16 | 8 8 Power 2 | 1 1 Engine 2 | 1 1 Core . | . . Reactor . | . . Propulsion 4 | 3 1 Treads 2 | 1 1 Leg . | . . Wheel 2 | 2 . Hover . | . . Flight . | . . Utility 3 | 2 1 Device 1 | 1 . Storage 2 | 1 1 Processor . | . . Hackware . | . . Protection . | . . Artifact . | . . Weapon 7 | 2 5 Energy Gun 3 | 1 2 Energy Cannon . | . . Ballistic Gun 2 | 1 1 Ballistic Cannon . | . . Launcher 1 | . 1 Special Weapon . | . . Impact Weapon . | . . Slashing Weapon . | . . Piercing Weapon . | . . Special Melee Weapon 1 | . 1 Unidentified Prototypes . | . . Parts Lost . | . . Power . | . . Propulsion . | . . Utility . | . . Weapon . | . . Highest Loss Streak . | . . To Critical Strikes . | . . Average Slot Usage (%) 99 | . 99 Engine 13 | . 13 Treads 13 | . 13 Wheel 14 | . 14 Device 14 | . 14 Storage 14 | . 14 Energy Gun 14 | . 14 Ballistic Gun 13 | . 13 Naked Turns . | . . Heaviest Build 22 | 14 22 Greatest Support 20 | 20 10 Greatest Overweight (x) 2 | 1 2 Average Overweight (x) 1 | . 1 Largest Inventory Capacity 10 | 8 10 Average Capacity 8 | 7 8 Most Carried 10 | 5 10 Average Carried 7 | 2 7 Final Capacity 10 | 8 10 Final Carried 10 | 5 10 Class Distribution -------------------- 100% | Mutant Dominant Class ---------------- Mutant | -10/Materials Resources | -11 -10 ----------- Run | Yrd Mat Matter Collected 666 | 261 405 Remotely . | . . Salvage Created 666 | 78 588 Parts 45 | 4 41 Haulers Intercepted 2 | . 2 Recyclers Shooed 1 | . 1 Parts Field Recycled . | . . Retrieved Matter . | . . Parts Self-Destructed . | . . Prevented . | . . Kills | -11 -10 ------- Run | Yrd Mat Combat Hostiles Destroyed 10 | . 10 Guns 8 | . 8 AOE 2 | . 2 Classes Destroyed 9 | 2 7 Worker 5 | . 5 Builder 2 | . 2 Tunneler 1 | 1 . Hauler 2 | . 2 Recycler 3 | 1 2 Operator 1 | . 1 Watcher 2 | . 2 Swarmer 2 | . 2 Grunt 8 | . 8 Best Kill Streak 10 | 2 10 Combat Bots Only 3 | . 3 Max Kills in Single Turn 3 | 1 3 Gunslinging . | . . Exploded 1 | . 1 Melee . | . . Uniques/NPCs Destroyed . | . . Combat | -11 -10 -------- Run | Yrd Mat Hostile Shots Fired 42 | . 42 Missed 17 | . 17 Damage Taken 542 | . 542 Core 307 | . 307 Absorbed by Shields . | . . Core Remaining (%) 100 | 100 . Volleys Fired 50 | 4 46 Largest 2 | 2 2 Hottest 76 | 60 76 Shots Fired 95 | 8 87 Gun 92 | 8 84 Cannon . | . . Launcher 3 | . 3 Special . | . . Kinetic 47 | 4 43 Thermal 45 | 4 41 Explosive 3 | . 3 Electromagnetic . | . . Robot Hit Streak 11 | 7 11 Robot Miss Streak 3 | . 3 Penetration Max . | . . Secondary Targets 3 | . 3 Max Gunslinging Chain 1 | . 1 Shots Hit Robots 61 | 7 54 Core Hits 39 | 2 37 Critical Kills . | . . Critical Parts Destroyed . | . . Critical Strikes . | . . Melee Attacks . | . . Impact . | . . Slashing . | . . Piercing . | . . Sneak Attacks . | . . Combat Hostiles . | . . Follow-up Attacks . | . . Damage Inflicted 1528 | 88 1440 Guns 790 | 88 702 Cannons . | . . Explosions 738 | . 738 Melee . | . . Ramming . | . . Kinetic 436 | 54 382 Thermal 354 | 34 320 Explosive 738 | . 738 Electromagnetic . | . . Impact . | . . Slashing . | . . Piercing . | . . Highest Corruption . | . . Average Corruption . | . . Corruption Purged . | . . Corruption Blocked . | . . Overload Shots . | . . Overflow Damage 54 | . 54 Projectiles . | . . Explosions 54 | . 54 Melee . | . . Knockbacks . | . . Impact . | . . Kinetic . | . . Secondary . | . . Self-Inflicted Damage 254 | . 254 Shots 3 | . 3 Rammed . | . . Targets Rammed . | . . Kicked . | . . Crushed . | . . Highest Temperature 168 | . 168 Average Temperature 50 | . 50 Received Heat Transfer 129 | . 129 Siege Activations . | . . Robots Corrupted . | . . Combat Hostiles . | . . Parts Fried . | . . Impact Corruptions . | . . Robots Melted . | . . Combat Hostiles . | . . Parts Melted . | . . Heat Transferred 833 | 75 758 Parts Sabotaged . | . . Parts Stolen . | . . Parts Stripped . | . . Power Chain Reactions . | . . Alert | -11 -10 ------- Run | Yrd Mat Peak Influence 381 | 10 381 Initial 6 | . 6 Average 91 | 3 102 Maximum Alert Level 1 | . 1 Low Security (%) 91 | 100 90 Level 1 8 | . 9 Level 2 . | . . Level 3 . | . . Level 4 . | . . Level 5 . | . . High Security . | . . Max Security . | . . Squads Dispatched 4 | . 4 Investigation 2 | . 2 Extermination . | . . Reinforcement 2 | . 2 Assault . | . . Garrison . | . . Intercept . | . . Searches Triggered . | . . Construction Impeded . | . . Haulers Reinforced . | . . Active Scanning Responses . | . . Cargo Convoy Interrupts . | . . Stealth | -11 -10 --------- Run | Yrd Mat Distress Signals 1 | . 1 Communications Jammed . | . . Distress Signals . | . . Times Spotted 19 | . 19 Peak Tracking Total 4 | . 4 Tactical Retreats . | . . Traps | -11 -10 ------- Run | Yrd Mat Traps Triggered 2 | . 2 Indirectly . | . . Trap Hack Attempts 5 | . 5 Triggered . | . . Disarmed 1 | . 1 Reprogrammed . | . . Reused . | . . Traps Extracted . | . . Installed . | . . Triggered . | . . Machines | -11 -10 ---------- Run | Yrd Mat Machines Disabled 9 | . 9 Max in Single Turn 2 | . 2 Machines Repaired . | . . Machines Dismantled . | . . Machines Sabotaged . | . . Overloaded Fab Kills . | . . Hacking | -11 -10 --------- Run | Yrd Mat Machines Accessed 5 | . 5 Terminals 3 | . 3 Fabricators . | . . Repair Stations . | . . Recycling Units 2 | . 2 Scanalyzers . | . . Garrison Access . | . . Total Hacks 14 | . 14 Successful 8 | . 8 Failed 6 | . 6 Catastrophic 1 | . 1 Database Lockouts . | . . Manual 11 | . 11 Terminals 10 | . 10 Fabricators . | . . Repair Stations . | . . Recycling Units 4 | . 4 Scanalyzers . | . . Garrison Access . | . . Terminal Hacks 4 | . 4 Part Schematic 1 | . 1 Robot Analysis 2 | . 2 Terminal Index 1 | . 1 Fabricator Hacks . | . . Repair Station Hacks . | . . Recycling Unit Hacks 2 | . 2 Report Inventory 2 | . 2 Scanalyzer . | . . Garrison Access Hacks . | . . Unauthorized Hacks 2 | . 2 Terminals . | . . Fabricators . | . . Repair Stations . | . . Recycling Units 2 | . 2 Tunnel 2 | . 2 Scanalyzers . | . . Garrison Access . | . . Data Cores Recovered . | . . Used . | . . Hacking Detections 3 | . 3 Full Trace Events . | . . Feedback Events . | . . Feedback Blocked . | . . Robot Schematics Acquired . | . . Robots Built . | . . Authchips . | . . Time . | . . Total Robot Build Rating . | . . Part Schematics Acquired 1 | . 1 Parts Built . | . . Authchips . | . . Time . | . . Total Part Build Rating . | . . Parts Repaired . | . . Time . | . . Parts Recycled . | . . Recycled Matter . | . . Retrieved Matter . | . . Retrieved Components . | . . Parts Scanalyzed . | . . Part Schematics Acquired . | . . Parts Damaged . | . . Bothacking | -11 -10 ------------ Run | Yrd Mat Used RIF Installer . | . . Robots Hacked . | . . Non-combat . | . . Combat . | . . Robot Hacks Applied . | . . Relay Couplers Released . | . . Fabnet Peak Effective % . | . . Robots Rewired . | . . Allies Hacked . | . . Hacks Repelled . | . . Allies | -11 -10 -------- Run | Yrd Mat Total Allies . | . . Largest Group . | . . Highest-Rated Group . | . . Highest-Rated Ally . | . . Total Orders . | . . Ally Attacks . | . . Total Damage . | . . Kills . | . . Allies Corrupted . | . . Allies Melted . | . . Intel | -11 -10 ------- Run | Yrd Mat Robot Analysis Total 2 | . 2 Derelict Logs Recovered . | . . Drone Launches . | . . Drone Recoveries . | . . Exploration | -11 -10 ------------- Run | Yrd Mat Turns Passed 765 | 82 683 Spaces Moved 497 | 55 442 Core 2 | 2 . Treads 2 | 2 . Legs . | . . Wheels 493 | 51 442 Hover . | . . Flight . | . . Fastest Speed 50 | 50 80 Average Speed 97 | 99 97 Slowest Speed 160 | 160 110 Overloaded Moves . | . . Propulsion Burnouts . | . . Robots Hopped . | . . Cave-ins Triggered . | . . Exploration Rate (%) 34 | 5 64 Regions Visited 1 Branch Regions . Pre-discovered Areas 2 | . 2 Known Exits Taken . | . . Unknown Exits Taken 1 | 1 . Scrap Searched . | . . Spaces Dug . | . . Terrain Destroyed 18 | . 18 Melee . | . . Projectile . | . . AOE 18 | . 18 Terrain Rammed . | . . Walls Destroyed . | . . Machines Disabled . | . . Actions | -11 -10 --------- Run | Yrd Mat Total 681 | 70 611 Wait 85 | . 85 Move 496 | 54 442 Hop . | . . Pick Up 18 | 4 14 Fast Attach 10 | 7 3 Attach . | . . Detach . | . . Swap 6 | 1 5 Drop 11 | . 11 Fire 50 | 4 46 Melee . | . . Ram . | . . Kick . | . . Crush . | . . Escape Stasis . | . . Rewire . | . . Trap 5 | . 5 Miscellaneous . | . . Route ------- -11/Scrapyard -10/Materials (discovered 2 exits: [*Mat x2]) History --------- Turn | Location | Event 2 | -11/Scrapyard | Met Revision 17 6 | -11/Scrapyard | Discovered new exit (range 16) 83 | -11/Scrapyard | Entered Materials 308 | -10/Materials | Build established: Mutant 351 | -10/Materials | Discovered new exit (range 16) 735 | -10/Materials | Discovered new exit (range 16) 759 | -10/Materials | Core integrity fell below 50% 766 | -10/Materials | Destroyed self via exploding Nuclear Reactor Last Messages --------------- 00757_ K-01 Serf collects debris. 00758_ Nuclear Reactor explodes. 00758_ Destroyed Wheel. 00758_ K-01 Serf destroyed. 00758_ U-05 Engineer destroyed. 00758_ Destroyed Com. Wheel. 00759_ A-02 Transporter destroyed. 00759_ S-10 Pest destroyed. 00760_ K-01 Serf collects debris. 00761_ Acquired 35 matter. 00761_ K-01 Serf collects debris. 00762_ Acquired 44 matter. 00763_ K-01 Serf collects debris. 00764_ Nuclear Reactor explodes. 00764_ K-01 Serf destroyed. 00764_ Destroyed Lgt. Ion Engine. 00764_ R-06 Scavenger destroyed. 00765_ Nuclear Reactor explodes. 00765_ K-01 Serf destroyed. 00766_ Nuclear Reactor explodes. Map ----- +----------------------------------------------------+ | | | | | | | | | | | | | | | | | | | ?????????????????????????????????????????????????? | | ?????????????????????????????????????????????????? | | ???????????????????????????????##########????????? | | ???????????????????????????????# #????????? | | ???????????????????????????????#!! #????????? | | ???????????????????????????????#!! ########## | | ???????????????????????????????#!! # # ! | | ?????????????????????????###???# + # | | ????????????????????????#! ##### """ # + """ | | ????????????????????????! # """ # # R" | | ????????????????????????! < # """ # # """ | | ????????????????????????! # # # | | ????????????????????????! ########## ###### | | ???????????####?????#####! #????????# #????? | | ??????????# ##### ## #????????# ###### | | ?????????? #????????# ## | | ?????????? @ ########?# | | ????????? " # # | | ????????? [ # """ # | | ???????? s # """ ###### | | ?????????" [!! = # """ ] #????## | | ?????????" + #?????# | | ?????????" ! = """ #?????# | | ??????????? """ #?????# | | ????????????? """ #?????# | | ????????????? ??????# | | ?????????????? ######???????# | | ????????????? #????????????# | | ????????????? %= #????????????# | | ???????????# ! #??????######## | | ???????????# %! #???????# T # | | ?????????? #???????# # ^ | | ?????????????# #???????# """ + | | ?????????????# #???????# """ # * | | ?????????????# #???????# """ #!!= | | ?????????????# # ##### ##???????# # ! | | ?????????????# # ????# #????????########!!= | | ?????????????# ?# ????# #???????????????# | | ????????????? ??#?????# #???????????????# | | ????????????? ?????????# ################# | | ????????????? ??????????# = = *%! | +----------------------------------------------------+ Best States ------------- Heat Dissipation 25 Energy Generation 10 Energy Capacity 250 Matter Stores 300 Matter Capacity 300 Sight Range 16 Terrain Scan Density 10 Evasion (%) 44 Recoil Reduction 1 Item Schematics ----------------- Lrg. Storage Unit | -10/Materials | Hacked Robot Schematics ------------------ None Fabricated ------------ Nothing Alien Tech Used ----------------- None Achievements -------------- None Challenges ------------ None Game ------ Seed ThermicTachyonScreen Manual? 0 Play Time 00:15:36 Cumulative 715.0 hours Start 2024.05.13 @ 13:11:33 End 2024.05.13 @ 13:34:16 Sessions 5 Manual Loads 0 Difficulty Rogue Special Mode None Game No. 293 Rogue 264 Adventurer 3 Explorer 26 Win Type - Total 16 Types 10/3/1/1/0/1/0/0/0 Lore% 91 Gallery% 96 Achievement% 85 Wizard Run 0 Options --------- Layout 2 ASCII 0 Keyboard 0 Movement Numpad Keybinds 0 Fullscreen 2 Font 24/Smallcaps Map View 50x44 Zoom Use 0% Tactical HUD 1 Map Filters NONE Filters NONE Steam X RUN: 059cd792-b32b-4b98-bee4-081b229b4bdb